 Dungeon Crawl Stone Soup version 0.26-a0-651-gb41185065b (webtiles) character file.

Game seed: 16907382114863433227

477 karrick the Covert (level 7, -1/56 HPs)
             Began as a Gnoll Brigand on Sept 28, 2020.
             Was a Follower of Okawaru.
             Slain by an ogre
             ... wielding a +0 giant club
              (17 damage)
             ... on level 4 of the Dungeon.
             The game lasted 00:06:06 (4136 turns).

karrick the Covert (Gnoll Brigand)                  Turns: 4136, Time: 00:06:07

Health: -1/56      AC:  7    Str: 16    XL:     7   Next: 11%
Magic:  10/10      EV: 14    Int: 13    God:    Okawaru [*.....]
Gold:   250        SH:  0    Dex: 16    Spells: 10/10 levels left

rFire    . . .     SeeInvis .   b - +2 whip (holy)
rCold    . . .     Faith    .   (no shield)
rNeg     + . .     Spirit   .   n - +2 robe {rN+}
rPois    .         Reflect  .   k - +0 helmet
rElec    .         Harm     .   A - +0 cloak
rCorr    .         Rampage  .   (no gloves)
MR       .....                  o - +0 pair of boots
Stlth    ++++......             (no amulet)
HPRegen  0.18/turn              (no ring)
MPRegen  0.12/turn              (no ring)

@: no status effects
A: distributed training, fangs 1, strong nose
a: Heroism, Renounce Religion


You were on level 4 of the Dungeon.
You worshipped Okawaru.
Okawaru was aware of your devotion.
You visited 2 branches of the dungeon, and saw 6 of its levels.

You collected 250 gold pieces.

Inventory:

Hand Weapons
 a - a +2 dagger
 b - a +2 whip of holy wrath (weapon)
 y - a +0 rapier
Missiles
 d - 23 poisoned darts (quivered)
 e - 2 curare-tipped darts
 p - 8 boomerangs
Armour
 c - a +0 cloak
 k - a +0 helmet (worn)
 n - a +2 robe of positive energy (worn)
 o - a +0 pair of boots (worn)
 A - a +0 cloak (worn)
Scrolls
 f - 4 scrolls of identify {unknown}
 g - 4 scrolls of enchant armour {unknown}
 h - 2 scrolls of enchant weapon {unknown}
 i - 5 scrolls of remove curse {unknown}
 l - 2 scrolls of immolation {unknown}
 m - 2 scrolls of blinking {unknown}
 s - a scroll of amnesia {unknown}
 t - a scroll of fog {unknown}
 v - 2 scrolls of teleportation {unknown}
 B - a scroll of random uselessness {unknown}
 D - a scroll of fear {unknown}
Potions
 j - 2 potions of heal wounds
 q - a potion of might {unknown}
 r - a potion of ambrosia {unknown}
 u - 2 potions of magic {unknown}
 w - a potion of mutation {unknown}
 x - 3 potions of curing {unknown}
 z - 2 potions of invisibility {unknown}
 C - a potion of resistance {unknown}


   Skills:
 + Level 5.1 Fighting
 + Level 5.1 Short Blades
 + Level 2.2 Long Blades
 + Level 2.2 Axes
 + Level 2.2 Maces & Flails
 + Level 2.2 Polearms
 + Level 2.2 Staves
 + Level 2.2 Slings
 + Level 2.2 Bows
 + Level 2.2 Crossbows
 + Level 5.1 Throwing
 + Level 2.2 Armour
 + Level 3.4 Dodging
 + Level 8.1 Stealth
 + Level 2.2 Shields
 + Level 2.2 Unarmed Combat
 + Level 2.2 Spellcasting
 + Level 1.8 Conjurations
 + Level 1.8 Hexes
 + Level 1.8 Summonings
 + Level 1.8 Necromancy
 + Level 1.8 Translocations
 + Level 1.8 Transmutations
 + Level 1.8 Fire Magic
 + Level 1.8 Ice Magic
 + Level 1.8 Air Magic
 + Level 1.8 Earth Magic
 + Level 1.8 Poison Magic
 + Level 2.5 Invocations
 + Level 2.2 Evocations


You had 10 spell levels left.
You didn't know any spells.
Your spell library was empty.

Dungeon Overview and Level Annotations

Branches:
Dungeon (5/15)             Temple (1/1) D:5

Altars:
Ashenzari
Cheibriados
Elyvilon
Fedhas
Gozag
Hepliaklqana
Kikubaaqudgha
Makhleb
Nemelex Xobeh
Okawaru
Qazlal
Ru
Sif Muna
Trog
Uskayaw
Vehumet
Xom
Yredelemnul
Zin
The Shining One


Innate Abilities, Weirdness & Mutations

Your experience applies equally to all skills.
You have very sharp teeth.
Your uncanny sense of smell can sniff out nearby items.


Message History

You hit the ogre but do no damage.
The ogre is severely wounded.
The ogre hits you with a +0 giant club!!
You hit the ogre. Your bite misses the ogre.
The ogre is severely wounded.
The ogre hits you with a +0 giant club!
* * * LOW HITPOINT WARNING * * *
You are too injured to fight recklessly!
You hit the ogre. You bite the ogre.
The ogre is almost dead.
You hit the ogre.
The ogre is almost dead.
The ogre barely misses you.
You hit the ogre. You bite the ogre, but do no damage.
The ogre is almost dead.
The ogre completely misses you.
You hit the ogre.
The ogre is almost dead.
The ogre hits you with a +0 giant club!
You die...

.........# ##.# .........#
#.# .........# #####.#
.........## ###...#.##
......##..### ###.....##.#
....#####...###
###........#.# #### ####..!##
##...$.....##.#
##.......####..........##.#
#........#.@#..........###..
#.........##.O...!......#....
#.?.......####......).....###
#.........# #..........#####
#.........# #........### ##.
#.........# #.......## ##..
#........# ......# ##...
...(....# ....# ##.... #.#
#.....


You could see an ogre.

Vanquished Creatures
  An ogre (D:4)
  A centaur (D:5)
  2 bullfrog skeletons (D:5)
  2 jellies (D:5)
  8 adders
  3 oozes
  4 worms
  5 dart slugs
  3 leopard geckos
  4 orcs
  2 ball pythons
  7 bats
  4 giant cockroaches
  4 goblins
  5 hobgoblins
  6 jackals
  7 kobolds
  3 quokkas
  2 frilled lizards
  A leopard gecko zombie (D:5)
  A quokka zombie (D:5)
  6 rats
81 creatures vanquished.

Vanquished Creatures (others)
  A frilled lizard (D:2)
1 creature vanquished.

Grand Total: 82 creatures vanquished

Notes
Turn   | Place    | Note
-------+----------+-------------------------------------------
     0 | D:1      | karrick the Gnoll Brigand began the quest for the Orb.
     0 | D:1      | Reached XP level 1. HP: 20/20 MP: 1/1
    45 | D:1      | Reached XP level 2. HP: 26/26 MP: 2/2
   605 | D:2      | Reached XP level 3. HP: 17/31 MP: 3/3
   888 | D:2      | Reached skill level 1 in Invocations
   934 | D:2      | Reached skill level 1 in Long Blades
   934 | D:2      | Reached skill level 1 in Axes
   934 | D:2      | Reached skill level 1 in Maces & Flails
   934 | D:2      | Reached skill level 1 in Polearms
   934 | D:2      | Reached skill level 1 in Staves
   934 | D:2      | Reached skill level 1 in Slings
   934 | D:2      | Reached skill level 1 in Bows
   934 | D:2      | Reached skill level 1 in Crossbows
   934 | D:2      | Reached skill level 1 in Armour
   934 | D:2      | Reached skill level 1 in Shields
   934 | D:2      | Reached skill level 1 in Unarmed Combat
   934 | D:2      | Reached skill level 1 in Spellcasting
   934 | D:2      | Reached skill level 1 in Evocations
   955 | D:2      | Reached XP level 4. HP: 38/38 MP: 5/5
   967 | D:2      | Found a radiant altar of Vehumet.
  1371 | D:2      | Reached skill level 1 in Conjurations
  1371 | D:2      | Reached skill level 1 in Hexes
  1371 | D:2      | Reached skill level 1 in Summonings
  1371 | D:2      | Reached skill level 1 in Necromancy
  1371 | D:2      | Reached skill level 1 in Translocations
  1371 | D:2      | Reached skill level 1 in Transmutations
  1371 | D:2      | Reached skill level 1 in Fire Magic
  1371 | D:2      | Reached skill level 1 in Ice Magic
  1371 | D:2      | Reached skill level 1 in Air Magic
  1371 | D:2      | Reached skill level 1 in Earth Magic
  1371 | D:2      | Reached skill level 1 in Poison Magic
  1804 | D:3      | Reached XP level 5. HP: 43/43 MP: 6/6
  2654 | D:4      | Noticed an ogre
  2681 | D:5      | Entered Level 5 of the Dungeon
  2690 | D:5      | Found a bloodstained altar of Trog.
  2712 | D:5      | Found a snail-covered altar of Cheibriados.
  2746 | D:5      | Found a glowing golden altar of the Shining One.
  2836 | D:5      | Found a sparkling altar of Nemelex Xobeh.
  2926 | D:5      | Found a burning altar of Makhleb.
  3096 | D:5      | Reached skill level 8 in Stealth
  3217 | D:5      | Found a staircase to the Ecumenical Temple.
  3268 | Temple   | Entered the Ecumenical Temple
  3355 | Temple   | Became a worshipper of Warmaster Okawaru
  3469 | D:5      | Noticed a centaur
  3481 | D:5      | Killed a centaur
  3481 | D:5      | Reached skill level 5 in Fighting
  3481 | D:5      | Reached skill level 5 in Short Blades
  3481 | D:5      | Reached skill level 5 in Throwing
  3481 | D:5      | Reached XP level 6. HP: 34/51 MP: 8/8
  3906 | D:4      | Reached * piety under Okawaru
  3906 | D:4      | Reached XP level 7. HP: 43/56 MP: 10/10
  4136 | D:4      | Slain by an ogre

Illustrated notes

Levels and vault maps discovered:
D:1:      tarquinn_simple_flora_water_e, layout_rooms
D:2:      layout_loops_ring, fiery_altar_vehumet
D:3:      layout_basic, grunt_ministairs_8
D:4:      layout_cave_pods, kennysheep_little_box
D:5:      layout_gridville, nicolae_overflow_quartered_altars,
          minmay_temple_entry_fiery, trog_three_pillars_becter
Temple:   regret_index_temple_waves

Skill      XL: |  1  2  3  4  5  6 |
---------------+-------------------+-----
Invocations    | 1 2 |  2.5
Long Blades    | 1 2 |  2.2
Axes           | 1 2 |  2.2
Maces & Flails | 1 2 |  2.2
Polearms       | 1 2 |  2.2
Staves         | 1 2 |  2.2
Slings         | 1 2 |  2.2
Bows           | 1 2 |  2.2
Crossbows      | 1 2 |  2.2
Armour         | 1 2 |  2.2
Shields        | 1 2 |  2.2
Unarmed Combat | 1 2 |  2.2
Spellcasting   | 1 2 |  2.2
Evocations     | 1 2 |  2.2
Conjurations   | 1 |  1.8
Hexes          | 1 |  1.8
Summonings     | 1 |  1.8
Necromancy     | 1 |  1.8
Translocations | 1 |  1.8
Transmutations | 1 |  1.8
Fire Magic     | 1 |  1.8
Ice Magic      | 1 |  1.8
Air Magic      | 1 |  1.8
Earth Magic    | 1 |  1.8
Poison Magic   | 1 |  1.8
Dodging        | 3 |  3.4
Stealth        | 8 |  8.1
Fighting       | 5 |  5.1
Short Blades   | 5 |  5.1
Throwing       | 5 |  5.1

Action                   |  1- 3 |  4- 6 |  7- 9 || total
-------------------------+-------+-------+-------++-------
Melee: Dagger            |    76 |   222 |       ||   298
       Bite              |     9 |    34 |     2 ||    45
       Whip              |       |     7 |    16 ||    23
  Use: Potion            |       |     1 |       ||     1
 Stab: Sleeping          |    11 |    15 |     1 ||    27
Armor: Robe              |    20 |    55 |       ||    75
Dodge: Dodged            |    46 |   138 |    10 ||   194

Table legend: (Time is in decaauts)
 A = Elapsed time spent in this place.
 B = Non-inter-level travel time spent in this place.
 C = Inter-level travel time spent in this place.
 D = Time resting spent in this place.
 E = Time spent auto-exploring this place.
 F = Levels seen in this place.
 G = Mean time per level.
                   A        B        C        D        E       F      G
               +--------+--------+--------+--------+--------+-----+--------+
         Total |   4068 |   3916 |    152 |    340 |   2842 |   6 |  678.0 |
       Dungeon |   3966 |   3838 |    128 |    340 |   2767 |   5 |  793.2 |
        Temple |    102 |     78 |     24 |      0 |     75 |   1 |  102.0 |
               +--------+--------+--------+--------+--------+-----+--------+

Top non-repeatable levels by time:
     D:5: 1069 daAuts
     D:2: 1014 daAuts
     D:3: 759 daAuts
     D:1: 575 daAuts
     D:4: 547 daAuts
  Temple: 102 daAuts
